[Event "Titled Tuesday Blitz February 22 Early 2022"]
[White "Dounis, Alexandros"]
[Black "Butti, Enrique"]
[WhiteFideId "4213238"]
[BlackFideId "3700470"]
[WhiteElo "2195"]
[BlackElo "2080"]
[Result "1-0"]
[Round "06"]
[TimeControl "180+1"]
[Date "2022.02.22"]
[WhiteClock "0:00:07"]
[BlackClock "0:00:05"]

1. e4 c5 2. b4 b6 3. bxc5 bxc5 4. Nf3 Nc6 5. Be2 e6 6. O-O Nf6 7. e5 Ng4 8. Bb2 Qc7 9. Na3 Ngxe5 10. Nxe5 Nxe5 11. Nb5 Qb8 12. d4 cxd4 13. Qxd4 Nc6 14. Qg4 a6 15. Bxg7 Rg8 16. Bxf8 Rxg4 17. Bd6 Qxb5 18. Bxb5 axb5 19. Rfb1 b4 20. h3 Rc4 21. Rb2 f6 22. Rab1 e5 23. Bxb4 Nxb4 24. Rxb4 Rxb4 25. Rxb4 Rxa2 26. c4 d6 27. h4 Kd7 28. h5 Kc6 29. h6 Ra1+ 30. Kh2 Rc1 31. f3 Be6 32. Ra4 Rxc4 33. Ra7 Bf5 34. g4 Bg6 35. Rg7 Kd5 36. Kg3 Ke6 37. Ra7 Rc3 38. Kf2 Rc6 39. Ke3 d5 40. Ra3 d4+ 41. Kd2 Rc2+ 42. Kd1 Rh2 43. Ra6+ Kd5 44. Rxf6 Rxh6 45. Ra6 Rh2 46. Ra5+ Kc4 47. Rxe5 Kd3 48. Ke1 Rh1+ 49. Kf2 Kd2 50. f4 d3 51. f5 Bf7 52. Re7 Bd5 53. Rd7 Be4 54. f6 Rh2+ 55. Kg3 Rg2+ 56. Kh4 Ke2 57. f7 Rf2 58. Re7 Ke3 59. Kg3 d2 60. Rxe4+ Kxe4 61. Kxf2 d1=Q 62. f8=Q Qxg4 63. Qa8+ Ke5 64. Qb8+ 1-0


[Site "https://www.chess.com"]

[Event "Titled Tuesday Blitz February 22 Early 2022"]
[White "Dwilewicz, Katarzyna"]
[Black "Gabrielian, Artur"]
[WhiteFideId "1148486"]
[BlackFideId "4131002"]
[WhiteElo "1907"]
[BlackElo "2440"]
[Result "0-1"]
[Round "06"]
[TimeControl "180+1"]
[Date "2022.02.22"]
[WhiteClock "0:00:02"]
[BlackClock "0:01:35"]

1. e4 c5 2. Nf3 d6 3. Nc3 Nc6 4. d4 cxd4 5. Nxd4 Nf6 6. Bg5 e6 7. Qd2 a6 8. O-O-O Bd7 9. f3 Nxd4 10. Qxd4 h6 11. Be3 Bc6 12. g4 d5 13. exd5 Nxd5 14. Nxd5 Qxd5 15. Qxd5 Bxd5 16. Be2 Rc8 17. Kb1 Be7 18. b3 b5 19. Rd2 Bg5 20. Bxg5 hxg5 21. Bd1 Rh3 22. Rf2 Rc3 23. Rhf1 b4 24. Kb2 a5 25. a3 f6 26. axb4 axb4 27. Be2 e5 28. Bd3 Rc7 29. Bg6+ Ke7 30. Bd3 Rc8 31. Be4 Bxe4 32. fxe4 Re3 33. Rd2 Rxe4 34. Rfd1 Rc7 35. h3 Re3 36. Rd8 Rxh3 37. Rg8 Kf7 38. Rb8 Rf3 39. Rxb4 Rf4 40. Rxf4 gxf4 41. c4 e4 42. Kc3 f3 43. Rf1 Rd7 44. c5 Ke6 45. b4 Rd3+ 46. Kc4 Rd2 47. b5 f2 48. b6 Kd7 0-1


[Site "https://www.chess.com"]

[Event "Titled Tuesday Blitz February 22 Early 2022"]
[White "Dzhaparov, Medet"]
[Black "Johnson, Ben"]
[WhiteFideId "13803689"]
[BlackFideId "2010917"]
[WhiteElo "1702"]
[BlackElo "2206"]
[Result "0-1"]
[Round "06"]
[TimeControl "180+1"]
[Date "2022.02.22"]
[WhiteClock "0:02:19"]
[BlackClock "0:01:57"]

1. e4 c5 2. Nf3 Nc6 3. d4 cxd4 4. Nxd4 Nf6 5. Nc3 e5 6. Ndb5 d6 7. Bg5 a6 8. Na3 b5 9. Nd5 Be7 10. Nxe7 Nxe7 11. Bxf6 gxf6 12. Bd3 d5 13. exd5 Qxd5 14. Rg1 Bb7 15. Qe2 Ng6 16. c3 Nf4 17. Bxb5+ axb5 18. Nxb5 Nxe2 19. Nc7+ Kf8 20. Nxd5 Nxg1 0-1


[Site "https://www.chess.com"]

[Event "Titled Tuesday Blitz February 22 Early 2022"]
[White "Dziththauly, Ramadhan"]
[Black "Farmani Anosheh, Armin"]
[WhiteFideId "7105525"]
[BlackFideId "24613240"]
[WhiteElo "2575"]
[BlackElo "2289"]
[Result "1-0"]
[Round "06"]
[TimeControl "180+1"]
[Date "2022.02.22"]
[WhiteClock "0:00:45"]
[BlackClock "0:00:17"]

1. d4 Nf6 2. c4 e6 3. Nc3 Bb4 4. Qc2 O-O 5. e4 d5 6. e5 Ne4 7. Bd3 c5 8. Ne2 cxd4 9. Nxd4 Nd7 10. Bf4 Ndc5 11. O-O Bxc3 12. bxc3 Qa5 13. cxd5 exd5 14. Nb3 Qa4 15. Nxc5 Qxc2 16. Bxc2 Nxc5 17. Be3 b6 18. Rfd1 Rd8 19. Rab1 Ba6 20. f4 Bc4 21. a4 Ne4 22. Bd4 Rac8 23. a5 bxa5 24. Ra1 a6 25. Rxa5 Bb5 26. Bxe4 dxe4 27. Re1 Bd3 28. Kf2 g6 29. g4 Rb8 30. Ra2 Rb3 31. f5 Rdb8 32. f6 g5 33. Kg3 h6 34. h4 Rb2 35. Rxb2 Rxb2 36. hxg5 hxg5 37. Rh1 Re2 38. Rh5 Re1 39. Rxg5+ Kh8 40. e6 Bc4 41. e7 Bb5 42. Rxb5 1-0


[Site "https://www.chess.com"]

[Event "Titled Tuesday Blitz February 22 Early 2022"]
[White "Elissalt Cardenas, Hector"]
[Black "Stefanov, Plamen"]
[WhiteFideId "3500632"]
[BlackFideId "2900980"]
[WhiteElo "2159"]
[BlackElo "2137"]
[Result "1-0"]
[Round "06"]
[TimeControl "180+1"]
[Date "2022.02.22"]
[WhiteClock "0:00:34"]
[BlackClock "0:00:01"]

1. d4 Nf6 2. c4 c5 3. d5 b5 4. cxb5 a6 5. e3 g6 6. Nc3 Bg7 7. a4 axb5 8. Bxb5 O-O 9. Nf3 Ba6 10. O-O Bxb5 11. Nxb5 Ne4 12. Ra2 d6 13. b3 Na6 14. Bd2 Nb4 15. Bxb4 cxb4 16. Nfd4 Qb6 17. Qd3 f5 18. Ne6 Rfc8 19. Nxg7 Kxg7 20. Rc2 Rxc2 21. Qxc2 Qc5 22. Qb2+ Nf6 23. Nd4 Qxd5 24. Rc1 e5 25. Nf3 Kh6 26. h3 Ne4 27. Rc7 Qd1+ 28. Kh2 Nc3 29. Rd7 Rc8 30. Qd2 Qxb3 31. Qxd6 Ne4 32. Qxe5 Qc3 33. Qf4+ g5 34. Qxf5 Qf6 35. Qxe4 b3 36. Ne5 b2 37. Ng4+ Kh5 38. Qxh7+ Qh6 39. Qxh6# 1-0


[Site "https://www.chess.com"]

[Event "Titled Tuesday Blitz February 22 Early 2022"]
[White "Estrada Nieto, Julian"]
[Black "Quirke, Jeffrey"]
[WhiteFideId "5101018"]
[BlackFideId "2013029"]
[WhiteElo "2246"]
[BlackElo "2216"]
[Result "1-0"]
[Round "06"]
[TimeControl "180+1"]
[Date "2022.02.22"]
[WhiteClock "0:00:39"]
[BlackClock "0:00:16"]

1. e4 c5 2. Nf3 e6 3. c3 Nf6 4. e5 Nd5 5. Bc4 d6 6. d4 cxd4 7. cxd4 Be7 8. O-O O-O 9. Qe2 Bd7 10. Bxd5 exd5 11. Nc3 Be6 12. Rd1 Nc6 13. Bf4 a6 14. h3 b5 15. Rac1 Rc8 16. exd6 Bxd6 17. Bxd6 Qxd6 18. Ne5 Nxd4 19. Rxd4 b4 20. Nd3 bxc3 21. Rxc3 Rxc3 22. bxc3 Qa3 23. Nf4 Qxc3 24. Nxe6 Re8 25. Rxd5 fxe6 26. Rd7 Qc1+ 27. Kh2 Qf4+ 28. g3 Qf6 29. Kg2 h6 30. Rd6 Qf5 31. Rxa6 e5 32. Qc4+ Kh8 33. Qg4 Qf6 34. Rxf6 1-0


[Site "https://www.chess.com"]

[Event "Titled Tuesday Blitz February 22 Early 2022"]
[White "Eynullayev, Altay"]
[Black "Krsnik Cohar, Ivan Vihor"]
[WhiteFideId "13413562"]
[BlackFideId "14520044"]
[WhiteElo "2079"]
[BlackElo "2414"]
[Result "1-0"]
[Round "06"]
[TimeControl "180+1"]
[Date "2022.02.22"]
[WhiteClock "0:02:06"]
[BlackClock "0:02:02"]

1. e4 d5 2. exd5 Qxd5 3. Nc3 Qe5+ 4. Be2 c6 5. Nf3 Qc7 6. d4 Bf5 7. O-O e6 8. Ne5 Nd7 9. Nc4 Ngf6 10. g3 Nd5 11. Nxd5 cxd5 12. Bf4 Qc6 13. Ne3 Bh3 14. Re1 Be7 15. c4 g5 16. cxd5 exd5 17. Rc1 Qe6 18. Bg4 gxf4 19. Bxe6 Bxe6 20. Nxd5 Bxd5 21. Qh5 Nf6 22. Qe5 Be6 23. d5 fxg3 24. hxg3 1-0


[Site "https://www.chess.com"]

[Event "Titled Tuesday Blitz February 22 Early 2022"]
[White "FGHSMN"]
[Black "Kollars, Dmitrij"]
[BlackFideId "12909572"]
[WhiteElo "2809"]
[BlackElo "2584"]
[Result "0-1"]
[Round "06"]
[TimeControl "180+1"]
[Date "2022.02.22"]
[WhiteClock "0:00:05"]
[BlackClock "0:00:15"]

1. d4 Nf6 2. Nf3 d5 3. c3 e6 4. Bf4 Bd6 5. e3 c5 6. Bg3 O-O 7. Nbd2 Qc7 8. Bxd6 Qxd6 9. Ne5 Nfd7 10. f4 f6 11. Nxd7 Nxd7 12. Bd3 b6 13. O-O Bb7 14. Qh5 f5 15. Qe2 Bc6 16. Nf3 Rab8 17. Ne5 Nxe5 18. fxe5 Qe7 19. Rf4 b5 20. Raf1 b4 21. c4 Rbd8 22. Qh5 g6 23. Qh6 cxd4 24. exd4 dxc4 25. Bxc4 Bd5 26. Bxd5 Rxd5 27. h4 Rc8 28. h5 Qg7 29. Qg5 h6 30. Qxg6 Qxg6 31. hxg6 Kg7 32. g4 Kxg6 33. gxf5+ exf5 34. Rxf5 Rxd4 35. Rf6+ Kh7 36. Rf7+ Kh8 37. e6 Rg4+ 38. Kf2 Re8 39. Rxa7 Rxe6 40. Rc1 Rf6+ 41. Ke3 Rf8 42. Rcc7 Kg8 43. Rab7 h5 44. a3 bxa3 45. bxa3 h4 46. a4 h3 47. Rh7 Rg3+ 48. Kd4 Re8 49. a5 Ra8 50. Rh5 Rg4+ 51. Kd3 Ra4 52. Ke2 Ra2+ 53. Kf3 R2xa5 54. Kg4 Rxh5 55. Kxh5 Ra1 56. Rb2 Rg1 57. Kh4 Rg2 58. Rb3 h2 59. Rh3 Kf7 60. Kh5 Kf6 61. Rh4 Kf5 62. Kh6 Rg8 63. Kh7 Rg2 64. Kh6 Kf6 65. Kh5 Rg8 66. Rf4+ Ke5 67. Rf1 h1=Q+ 68. Rxh1 Rh8+ 69. Kg5 Rxh1 70. Kg6 Rg1+ 71. Kf7 Rg2 72. Ke7 Rg7+ 73. Kd8 Kd6 74. Kc8 Rc7+ 75. Kb8 Kc6 76. Ka8 Kb6 77. Kb8 Rc6 78. Ka8 Rc8# 0-1


[Site "https://www.chess.com"]

[Event "Titled Tuesday Blitz February 22 Early 2022"]
[White "Fajdetic, Hrvoje"]
[Black "Chincholimath, Halsagar"]
[WhiteFideId "14501945"]
[BlackFideId "5022487"]
[WhiteElo "2140"]
[BlackElo "1737"]
[Result "1-0"]
[Round "06"]
[TimeControl "180+1"]
[Date "2022.02.22"]
[WhiteClock "0:00:36"]
[BlackClock "0:00:01"]

1. d4 d5 2. Bf4 Nf6 3. e3 e6 4. Nf3 c5 5. Nc3 Bd6 6. Bb5+ Nc6 7. Ne5 Bxe5 8. dxe5 Nd7 9. Qg4 O-O 10. Bh6 g6 11. Bxc6 Nxe5 12. Qg3 Nxc6 13. Bxf8 Kxf8 14. O-O Qf6 15. Qd6+ Kg7 16. Qxc5 Ne5 17. Qd4 Nc4 18. b3 e5 19. Nxd5 exd4 20. Nxf6 Nd2 21. Rfd1 dxe3 22. fxe3 Kxf6 23. Rxd2 Be6 24. c4 Ke5 25. Rd4 h5 26. Rad1 Rc8 27. Kf2 g5 28. h4 g4 29. Rf4 b5 30. Rdd4 bxc4 31. bxc4 Rb8 32. Rde4+ Kd6 33. Kg3 Rb2 34. Rf2 Rb1 35. Rd2+ Kc5 36. Re5+ Kc6 37. Rxh5 Rc1 38. c5 Rc3 39. Rd6+ Kc7 40. Kf4 Rc1 41. Rh7 Rxc5 42. Rxe6 Rc4+ 43. Re4 Rxe4+ 44. Kxe4 Kd6 45. Rxf7 1-0


[Site "https://www.chess.com"]

[Event "Titled Tuesday Blitz February 22 Early 2022"]
[White "Fathy, Elameir"]
[Black "Magallanes, Rey Jomar"]
[WhiteFideId "10600396"]
[BlackFideId "5205948"]
[WhiteElo "2311"]
[BlackElo "2220"]
[Result "0-1"]
[Round "06"]
[TimeControl "180+1"]
[Date "2022.02.22"]
[WhiteClock "0:02:31"]
[BlackClock "0:02:26"]

1. d4 d5 2. Nf3 Nf6 3. c4 e6 4. g3 Be7 5. Bg2 O-O 6. O-O Nbd7 7. Nbd2 b6 8. b3 c5 9. Bb2 Bb7 10. e3 Rc8 11. Qe2 Ba6 12. Rfd1 Qc7 13. Rac1 Qb8 14. e4 dxe4 15. Qe3 0-1


[Site "https://www.chess.com"]

[Event "Titled Tuesday Blitz February 22 Early 2022"]
[White "Fecker, Noah"]
[Black "Orozbaev, Eldiar"]
[WhiteFideId "1334263"]
[BlackFideId "13802240"]
[WhiteElo "2312"]
[BlackElo "2050"]
[Result "0-1"]
[Round "06"]
[TimeControl "180+1"]
[Date "2022.02.22"]
[WhiteClock "0:00:44"]
[BlackClock "0:00:16"]

1. e4 e6 2. d4 d5 3. Nd2 c5 4. Ngf3 Nc6 5. exd5 exd5 6. Bb5 Bd6 7. O-O Ne7 8. dxc5 Bxc5 9. Nb3 Bd6 10. Bg5 f6 11. Bh4 O-O 12. Bg3 Bg4 13. Be2 Re8 14. Re1 a6 15. Nfd4 Bxe2 16. Rxe2 Ne5 17. c3 Qd7 18. Qc2 Rac8 19. Rae1 N7c6 20. Nf5 Bb8 21. a3 Ba7 22. Rd1 Nf3+ 23. gxf3 Rxe2 24. Qxe2 Qxf5 25. Kg2 h5 26. h4 Kf7 27. Re1 Qd7 28. f4 g6 29. Rd1 Ne7 30. Qf3 Rd8 31. c4 d4 32. f5 Nxf5 33. Qe4 Re8 34. Qf4 Bb8 35. Qd2 Nxh4+ 36. Bxh4 Qg4+ 37. Bg3 Bxg3 38. f3 Qh4 39. Rh1 Qf4 40. Qxf4 Bxf4 41. Nxd4 Be5 42. Ne2 Bxb2 43. Kf2 Bxa3 44. Rb1 Bc5+ 45. Kf1 b6 46. Nc3 a5 47. Ne4 Re6 48. Rb5 Rc6 49. Ke2 g5 50. Kd3 Kg6 51. Nxc5 bxc5 52. Rxa5 h4 53. Ra8 Rc7 54. Rg8+ Kf5 55. Ke3 Re7+ 56. Kf2 Ra7 57. Kg2 Ra2+ 58. Kh3 Rf2 59. Rc8 Rxf3+ 60. Kg2 Kg4 61. Rxc5 Rc3 62. Ra5 Rc2+ 63. Kf1 h3 64. Ra3 Rxc4 65. Kg1 Kh4 66. Kh2 g4 67. Ra2 f5 68. Ra1 Rc2+ 69. Kh1 g3 70. Ra4+ Kg5 71. Ra1 f4 72. Rf1 g2+ 0-1


[Site "https://www.chess.com"]

[Event "Titled Tuesday Blitz February 22 Early 2022"]
[White "Ferreira, Vitor Hugo Vieira"]
[Black "Hjartarson, Johann"]
[WhiteFideId "2119765"]
[BlackFideId "2300044"]
[WhiteElo "2216"]
[BlackElo "2484"]
[Result "0-1"]
[Round "06"]
[TimeControl "180+1"]
[Date "2022.02.22"]
[WhiteClock "0:01:17"]
[BlackClock "0:00:54"]

1. Nf3 Nf6 2. g3 b5 3. Bg2 Bb7 4. O-O e6 5. d3 Be7 6. e4 O-O 7. Re1 c5 8. Nbd2 d5 9. e5 Nfd7 10. Nf1 Nc6 11. h4 a5 12. N1h2 b4 13. h5 a4 14. h6 g6 15. Ng4 Nd4 16. Bf4 Nxf3+ 17. Qxf3 Qb6 18. c4 bxc3 19. bxc3 Bc6 20. Rab1 Qa6 21. Qe3 Rab8 22. Bg5 d4 23. cxd4 cxd4 24. Qf4 Rxb1 25. Rxb1 Qxd3 26. Bxc6 Qxb1+ 27. Kh2 Bxg5 28. Qxg5 Qf5 29. Qh4 Nxe5 30. Nf6+ Kh8 31. f4 Qc2+ 32. Kh3 Qxc6 33. fxe5 Qh1+ 34. Kg4 Qxh4+ 35. gxh4 d3 36. Kf3 Rd8 0-1


[Site "https://www.chess.com"]

[Event "Titled Tuesday Blitz February 22 Early 2022"]
[White "Fiorito, Fabian"]
[Black "Sellitti, Federico"]
[WhiteFideId "100200"]
[BlackFideId "821829"]
[WhiteElo "2395"]
[BlackElo "2594"]
[Result "1-0"]
[Round "06"]
[TimeControl "180+1"]
[Date "2022.02.22"]
[WhiteClock "0:01:50"]
[BlackClock "0:00:06"]

1. d4 d5 2. Nc3 Nf6 3. Bf4 e6 4. Nb5 Na6 5. e3 Be7 6. Nf3 O-O 7. h4 Ne4 8. Bd3 c6 9. Nc3 f5 10. a3 Nb8 11. Ne2 Nd7 12. g3 Ndf6 13. c4 Ng4 14. O-O h6 15. Ne5 g5 16. Nxg4 gxf4 17. Ne5 fxg3 18. fxg3 Bxh4 19. gxh4 Qxh4 20. Qe1 Qg5+ 21. Kh2 Qh5+ 22. Kg2 Kh7 23. Rf3 Rg8+ 24. Ng3 f4 25. Bxe4+ dxe4 26. Rxf4 Bd7 27. Nxd7 Rxg3+ 28. Qxg3 1-0


[Site "https://www.chess.com"]

[Event "Titled Tuesday Blitz February 22 Early 2022"]
[White "Gaehwiler, Gabriel"]
[Black "Poormosavi, Seyed Kian"]
[WhiteFideId "1314530"]
[BlackFideId "12585807"]
[WhiteElo "2383"]
[BlackElo "2116"]
[Result "1-0"]
[Round "06"]
[TimeControl "180+1"]
[Date "2022.02.22"]
[WhiteClock "0:00:08"]
[BlackClock "0:00:03"]

1. d4 Nf6 2. Nf3 b6 3. g3 Bb7 4. Bg2 g6 5. O-O Bg7 6. b3 O-O 7. Bb2 c5 8. c4 cxd4 9. Qxd4 d6 10. Qd2 Ne4 11. Qc1 Bxb2 12. Qxb2 Nc6 13. Rd1 Qc8 14. Na3 a6 15. Rac1 Nf6 16. Nb1 Qf5 17. Nc3 Qh5 18. Nd5 Nxd5 19. cxd5 Nb4 20. e4 f5 21. Rc7 fxe4 22. Rxb7 exf3 23. Rxe7 Rf7 24. Rxf7 Kxf7 25. Bf1 b5 26. Qd2 a5 27. a3 Na6 28. Qxa5 Qf5 29. Bxb5 Qc2 30. Re1 Nc7 31. Qb4 Rb8 32. Qf4+ Kg7 33. Bc4 Re8 34. Rxe8 Qd1+ 35. Bf1 Nxe8 36. a4 Nf6 37. a5 h5 38. h3 Nxd5 39. Qxd6 Qd2 40. a6 Qd4 41. a7 Qxa7 42. Qxd5 Qf7 43. Qxf7+ Kxf7 44. b4 1-0


[Site "https://www.chess.com"]

[Event "Titled Tuesday Blitz February 22 Early 2022"]
[White "Galchenko, Matvey"]
[Black "Galyas, Miklos"]
[WhiteFideId "24175480"]
[BlackFideId "707244"]
[WhiteElo "2453"]
[BlackElo "2409"]
[Result "1/2-1/2"]
[Round "06"]
[TimeControl "180+1"]
[Date "2022.02.22"]
[WhiteClock "0:00:20"]
[BlackClock "0:00:53"]

1. f4 d5 2. Nf3 g6 3. g3 Bg7 4. Bg2 Nf6 5. O-O O-O 6. d3 b6 7. Nc3 Bb7 8. e4 dxe4 9. Ng5 c5 10. dxe4 Qxd1 11. Rxd1 h6 12. Nh3 Na6 13. e5 Bxg2 14. Kxg2 Ng4 15. a3 Rfd8 16. Ng1 Rxd1 17. Nxd1 Rd8 18. Nc3 h5 19. Nf3 f6 20. h3 Nh6 21. Be3 Nf5 22. Bf2 fxe5 23. fxe5 Nc7 24. g4 hxg4 25. hxg4 Nh6 26. Kg3 Ne6 27. Be3 Nf7 28. Bf4 Nd4 29. Nxd4 cxd4 30. Nb5 Nxe5 31. Nxa7 d3 32. cxd3 Rxd3+ 33. Kg2 Nxg4 34. Re1 e5 35. Bg5 Rb3 36. Re2 e4 37. Rxe4 Rxb2+ 38. Kg3 Ne5 39. a4 Rb3+ 40. Kg2 Nf3 41. Be3 Nh4+ 42. Rxh4 Rxe3 43. Nb5 g5 44. Rc4 Re6 45. Nc7 Rd6 46. Ne8 Rd4 47. Rxd4 Bxd4 48. Nd6 Be5 49. Nc4 Bc7 50. Kf3 Kf7 51. Kg4 Ke6 52. Nxb6 Bxb6 53. Kxg5 Kd5 54. a5 Bxa5 1/2-1/2


[Site "https://www.chess.com"]

[Event "Titled Tuesday Blitz February 22 Early 2022"]
[White "Gelman, Alexander"]
[Black "Papp, Petra"]
[WhiteFideId "4118316"]
[BlackFideId "739049"]
[WhiteElo "2375"]
[BlackElo "2259"]
[Result "1-0"]
[Round "06"]
[TimeControl "180+1"]
[Date "2022.02.22"]
[WhiteClock "0:00:39"]
[BlackClock "0:00:06"]

1. d4 Nf6 2. Nc3 d5 3. Bf4 e6 4. Nb5 Na6 5. e3 Be7 6. g4 O-O 7. g5 Nd7 8. h4 c6 9. Nc3 c5 10. Nf3 Nb4 11. Bh3 Nc6 12. Ne2 Qb6 13. Rb1 cxd4 14. exd4 Re8 15. O-O Nf8 16. Bg3 Qd8 17. Re1 Bd6 18. Qd2 Bxg3 19. Nxg3 Qd6 20. Rbd1 Ng6 21. Bg4 Bd7 22. h5 Nf8 23. Ne5 Rac8 24. f4 Nxe5 25. fxe5 Qc7 26. c3 Ba4 27. Rc1 a5 28. Rf1 Nd7 29. Rf3 Nb6 30. Rcf1 Re7 31. Rxf7 Kh8 32. Bxe6 Rce8 33. Rf8+ 1-0


[Site "https://www.chess.com"]

[Event "Titled Tuesday Blitz February 22 Early 2022"]
[White "Ginzburg, Yakov"]
[Black "Goldin, Roman"]
[WhiteFideId "4157176"]
[BlackFideId "2803860"]
[WhiteElo "2265"]
[BlackElo "2312"]
[Result "1-0"]
[Round "06"]
[TimeControl "180+1"]
[Date "2022.02.22"]
[WhiteClock "0:00:44"]
[BlackClock "0:00:02"]

1. e4 Nc6 2. Nf3 e5 3. Bb5 a6 4. Bxc6 bxc6 5. O-O Qf6 6. d4 exd4 7. e5 Qg6 8. Qxd4 Bb7 9. Rd1 O-O-O 10. Qd3 f6 11. Qxg6 hxg6 12. Nc3 Re8 13. exf6 gxf6 14. Bf4 Bh6 15. Bg3 Ne7 16. Ne4 Bg7 17. Nc5 d6 18. Ne6 Nf5 19. Re1 Kd7 20. Nxg7 Nxg7 21. Rxe8 Rxe8 22. Re1 Nf5 23. Rxe8 Kxe8 24. Kf1 c5 25. Ke2 Kd7 26. c3 Ke6 27. Bf4 g5 28. Bd2 Bd5 29. b3 c4 30. b4 Bxf3+ 31. Kxf3 Nh4+ 32. Kg3 Nf5+ 33. Kg4 Ne7 34. g3 Ng6 35. f4 gxf4 36. Bxf4 Ne7 37. h4 Nf5 38. h5 Ng7 39. h6 f5+ 40. Kf3 1-0


[Site "https://www.chess.com"]

[Event "Titled Tuesday Blitz February 22 Early 2022"]
[White "Goltsev, Dmitry"]
[Black "Siva Mahadevan"]
[WhiteFideId "24176710"]
[BlackFideId "25043153"]
[WhiteElo "2273"]
[BlackElo "2203"]
[Result "0-1"]
[Round "06"]
[TimeControl "180+1"]
[Date "2022.02.22"]
[WhiteClock "0:00:57"]
[BlackClock "0:00:45"]

1. e4 c5 2. Nf3 Nc6 3. d4 cxd4 4. Nxd4 Nf6 5. Nc3 d6 6. Be2 e5 7. Nb3 Be7 8. O-O O-O 9. f4 a5 10. a4 Nb4 11. Bf3 Be6 12. Kh1 Rc8 13. f5 Bc4 14. Re1 d5 15. exd5 Nbxd5 16. Nxd5 Bxd5 17. Bxd5 Nxd5 18. Rxe5 Nb4 19. Qg4 Bf6 20. Rxa5 Nxc2 21. Rb1 Rc4 22. Qf3 Nd4 23. Nxd4 Qxa5 24. b4 Qxb4 25. Qe4 Rxd4 26. Rxb4 Rd1+ 0-1


[Site "https://www.chess.com"]

[Event "Titled Tuesday Blitz February 22 Early 2022"]
[White "Golubka, Petro"]
[Black "Petrosyan, Manuel"]
[WhiteFideId "14114224"]
[BlackFideId "13300857"]
[WhiteElo "2392"]
[BlackElo "2592"]
[Result "0-1"]
[Round "06"]
[TimeControl "180+1"]
[Date "2022.02.22"]
[WhiteClock "0:01:49"]
[BlackClock "0:00:18"]

1. e4 e5 2. Bb5 c6 3. Ba4 Nf6 4. d3 Bd6 5. g4 h6 6. g5 hxg5 7. Bxg5 Be7 8. Nf3 d5 9. Bxf6 Bxf6 10. exd5 Qxd5 11. Nc3 Qa5 12. Bb3 e4 13. dxe4 Bxc3+ 14. bxc3 Qxc3+ 15. Ke2 Bg4 16. Qd3 Qxd3+ 17. cxd3 Rh3 18. Rhg1 Bxf3+ 19. Kd2 g6 20. Rg3 Rxg3 21. hxg3 Nd7 22. Ke3 Bg4 23. d4 Nb6 24. Rh1 Ke7 25. f3 Be6 26. Bxe6 Kxe6 27. g4 Rd8 28. Rb1 g5 29. Rb4 f6 30. a4 Rd7 31. a5 Nc8 32. f4 gxf4+ 33. Kxf4 Ne7 34. g5 fxg5+ 35. Kxg5 c5 36. dxc5 Nc6 37. Rb5 a6 38. Rb6 Ke5 39. Kg6 Kxe4 40. Kf6 Kd5 41. Kf5 Kxc5 42. Ke6 Rh7 43. Kf6 Nxa5 44. Rb1 Nc6 45. Kg6 Rc7 46. Kf6 Rd7 47. Ke6 Rd6+ 48. Kf5 b5 49. Ke4 a5 50. Rc1+ Kb6 51. Rxc6+ Rxc6 52. Kd5 Rc4 0-1


[Site "https://www.chess.com"]

[Event "Titled Tuesday Blitz February 22 Early 2022"]
[White "Gracia Alvarez, Gerardo Antonio"]
[Black "Tsatsalashvili, Keti"]
[WhiteFideId "5109124"]
[BlackFideId "13603434"]
[WhiteElo "2139"]
[BlackElo "2246"]
[Result "0-1"]
[Round "06"]
[TimeControl "180+1"]
[Date "2022.02.22"]
[WhiteClock "0:00:19"]
[BlackClock "0:00:07"]

1. c4 e6 2. Nf3 d5 3. e3 Nf6 4. b3 c5 5. Bb2 Nc6 6. cxd5 exd5 7. d4 cxd4 8. Nxd4 Bb4+ 9. Bc3 Bxc3+ 10. Nxc3 Qa5 11. Qd2 O-O 12. Be2 Be6 13. O-O Rac8 14. Rac1 Rfd8 15. Rfd1 h6 16. h3 a6 17. Bf3 Qa3 18. Nb1 Qd6 19. Nxc6 bxc6 20. b4 c5 21. bxc5 Rxc5 22. Rxc5 Qxc5 23. Nc3 Qa5 24. Ne2 Qxd2 25. Rxd2 Rc8 26. Nf4 Rc1+ 27. Kh2 g5 28. Nd3 Rc3 29. Nb4 Ra3 30. Nc6 Ne4 31. Rc2 Nc3 32. Kg3 Nxa2 33. Bxd5 Bxd5 34. Ne7+ Kg7 35. Nxd5 a5 36. Rc6 Nb4 37. Rc7 Nxd5 38. Rd7 Nb4 39. Ra7 Ra2 40. f4 a4 41. fxg5 hxg5 42. Kg4 a3 0-1


[Site "https://www.chess.com"]

[Event "Titled Tuesday Blitz February 22 Early 2022"]
[White "Grandelius, Nils"]
[Black "Jones, Gawain C B"]
[WhiteFideId "1710400"]
[BlackFideId "409561"]
[WhiteElo "2617"]
[BlackElo "2657"]
[Result "1/2-1/2"]
[Round "06"]
[TimeControl "180+1"]
[Date "2022.02.22"]
[WhiteClock "0:00:20"]
[BlackClock "0:00:34"]

1. Nf3 g6 2. e4 d5 3. exd5 Qxd5 4. c4 Qa5 5. Nc3 Bg7 6. d4 Nh6 7. Bd2 c6 8. Be2 Nf5 9. O-O O-O 10. d5 Qd8 11. Re1 cxd5 12. cxd5 Nd7 13. Bc4 Nd6 14. Bf1 Nf6 15. h3 Bd7 16. Qb3 Rc8 17. Be3 Qa5 18. a3 Rfe8 19. Ne5 Bf5 20. Nc4 Nxc4 21. Bxc4 Nd7 22. Bb5 Bxc3 23. bxc3 Rxc3 24. Qb2 Rc2 25. Qb3 Rc3 26. Qb2 Rc2 27. Qb3 Rc3 1/2-1/2


[Site "https://www.chess.com"]

[Event "Titled Tuesday Blitz February 22 Early 2022"]
[White "Grieve, Harry"]
[Black "Samant Aditya S"]
[WhiteFideId "426520"]
[BlackFideId "35080580"]
[WhiteElo "2294"]
[BlackElo "1916"]
[Result "1-0"]
[Round "06"]
[TimeControl "180+1"]
[Date "2022.02.22"]
[WhiteClock "0:00:19"]
[BlackClock "0:00:12"]

1. e4 c5 2. Nc3 Nc6 3. Bb5 Nd4 4. Nf3 a6 5. Bd3 g6 6. O-O Bg7 7. Rb1 Nxf3+ 8. Qxf3 d6 9. b4 cxb4 10. Rxb4 Nf6 11. Bb2 O-O 12. Nd5 Nxd5 13. exd5 Bxb2 14. Rxb2 b5 15. Re1 e5 16. dxe6 Bxe6 17. Qf4 Qa5 18. h4 Qa3 19. Rb4 Bc4 20. Bxc4 bxc4 21. Rxc4 Rfe8 22. Rce4 Rxe4 23. Qxe4 Rc8 24. h5 Qxa2 25. Qd4 gxh5 26. Re3 Qxc2 27. Rg3+ Kf8 28. Qg7+ Ke8 29. Re3+ Kd8 30. Qf6+ Kd7 31. Qxf7+ Kc6 32. Rc3+ 1-0


[Site "https://www.chess.com"]

[Event "Titled Tuesday Blitz February 22 Early 2022"]
[White "Grischuk, Alexander"]
[Black "Lenderman, Aleksandr"]
[WhiteFideId "4126025"]
[BlackFideId "2021285"]
[WhiteElo "2762"]
[BlackElo "2651"]
[Result "1-0"]
[Round "06"]
[TimeControl "180+1"]
[Date "2022.02.22"]
[WhiteClock "0:00:05"]
[BlackClock "0:00:01"]

1. e4 e6 2. d4 d5 3. e5 c5 4. c3 Nc6 5. Nf3 Qb6 6. Be2 cxd4 7. cxd4 Nh6 8. Bxh6 Qxb2 9. Nbd2 gxh6 10. O-O Bd7 11. Rb1 Qxa2 12. Rxb7 Rb8 13. Rxb8+ Nxb8 14. Qa1 Qxa1 15. Rxa1 Nc6 16. Bb5 Bb4 17. Ra6 Nxe5 18. Rxa7 Nc6 19. Rc7 Kd8 20. Rb7 Bd6 21. Bxc6 Bxc6 22. Rxf7 Bd7 23. Rf6 Bf8 24. Ne5 Bg7 25. Rf7 Bxe5 26. dxe5 Kc7 27. h4 Ra8 28. Rxh7 Kc6 29. Nf3 Bc8 30. Rxh6 Kc5 31. Rh8 Ra1+ 32. Kh2 Bb7 33. Rd8 Ba6 34. Ng5 Bd3 35. Nxe6+ Kc4 36. Nf4 Be4 37. f3 Rf1 38. Kg3 Bf5 39. Nxd5 Be6 40. Ne3+ 1-0


[Site "https://www.chess.com"]

[Event "Titled Tuesday Blitz February 22 Early 2022"]
[White "Gulecyuz, Deniz"]
[Black "Oro, Luis"]
[WhiteFideId "30921341"]
[BlackFideId "104094"]
[WhiteElo "1925"]
[BlackElo "2284"]
[Result "0-1"]
[Round "06"]
[TimeControl "180+1"]
[Date "2022.02.22"]
[WhiteClock "0:00:07"]
[BlackClock "0:00:28"]

1. e4 c5 2. Nf3 d6 3. d4 cxd4 4. Nxd4 Nf6 5. Nc3 a6 6. Bg5 e6 7. f4 Be7 8. Qf3 Qc7 9. O-O-O b5 10. a3 Bb7 11. g4 Nbd7 12. Bxf6 Nxf6 13. g5 Nd7 14. Qh5 g6 15. Qg4 Nc5 16. Bg2 Rc8 17. Kb1 e5 18. Ndxb5 axb5 19. Nxb5 Qb6 20. Nc3 Ne6 21. Nd5 Qc5 22. Rd2 Bxd5 23. exd5 Nxf4 24. Bf1 Rc7 25. a4 Nxd5 26. Bb5+ Kd8 27. h4 Ne3 28. Qe4 Nc4 29. Rd5 Qb4 30. b3 Nd2+ 31. Rxd2 Qxe4 0-1


[Site "https://www.chess.com"]